 Dungeon Crawl Stone Soup version 0.30-b1-2-g02819fbbbe (webtiles) character file.

Game seed: 8262893488147411047

249 raph the Caller (level 6, 0/41 HPs)
             Began as a Merfolk Summoner on Dec 13, 2023.
             Slain by a yak (3 damage)
             ... on level 4 of the Dungeon.
             The game lasted 00:06:19 (3588 turns).

raph the Caller (Merfolk Summoner)                  Turns: 3588, Time: 00:06:20

Health: 0/41       AC:  4    Str:  8    XL:     6   Next: 12%
Magic:  0/10       EV: 12    Int: 16    God:
Gold:   198        SH:  0    Dex: 15    Spells: 4/10 levels left

rFire   . . .        f - +1 dagger (venom)
rCold   . . .        (no shield)
rNeg    . . .        h - +0 robe
rPois   .            p - +0 helmet
rElec   .            (no cloak)
rCorr   .            m - +0 pair of gloves
SInv    .            (no boots)
Will    .....        (no amulet)
Stlth   ++           (no ring)
HPRegen 0.26/turn    (no ring)
MPRegen 0.12/turn

%: no passive effects
@: no status effects
A: (nimble swimmer 2), mertail
a: no special abilities


You were on level 4 of the Dungeon.
You visited 1 branch of the dungeon, and saw 5 of its levels.

You collected 198 gold pieces.

Inventory:

Hand Weapons
 a - a +3 short sword of protection
 d - a +0 dagger
 f - a +1 dagger of venom (weapon)
Missiles
 e - 7 boomerangs (quivered)
Armour
 h - a +0 robe (worn)
 m - a +0 pair of gloves (worn)
 p - a +0 helmet (worn)
Wands
 t - a wand of digging (7)
Scrolls
 i - 2 scrolls of identify
Potions
 b - 2 potions of magic
 c - 2 potions of haste
 g - 4 potions of resistance
 j - 2 potions of mutation
 k - a potion of might
 o - a potion of curing
 r - a potion of cancellation


   Skills:
 - Level 2.6 Dodging
 - Level 2.1 Stealth
 + Level 2.9 Spellcasting
 + Level 6.8 Summonings


You had 4 spell levels left.
You knew the following spells:

 Your Spells              Type           Power      Damage    Failure   Level
a - Summon Small Mammal   Summ           96%        N/A       1%          1
b - Call Imp              Summ           48%        N/A       1%          2
c - Call Canine Familiar  Summ           24%        N/A       3%          3

Your spell library contained the following spells:

 Spells                   Type           Power      Damage    Failure   Level
 Summon Guardian Golem    Hex/Summ       13%        N/A       14%         3
 Summon Lightning Spire   Summ/Air       13%        N/A       43%         4


Dungeon Overview and Level Annotations

Branches:
Dungeon (5/15)
 Temple: D:4-7

Altars:
Elyvilon


Innate Abilities, Weirdness & Mutations

((You are very nimble when in or above water. (Stealth+, EV+, Speed+++)))
Your lower body shifts to a powerful aquatic tail in water.


Message History

Your cerulean imp closely misses the ufetubus.
The yak gores your cerulean imp.
Your cerulean imp dies!
Your cerulean imp disappears in a puff of smoke!
The ufetubus barely misses you. The ufetubus closely misses you.
The ufetubus attacks as you move away! The ufetubus misses you.
The ufetubus hits you but does no damage. x2
The ufetubus closely misses you.
The ufetubus hits you but does no damage.
The ufetubus hits you. The ufetubus hits you.
The ufetubus hits you but does no damage.
You puncture the ufetubus!
Your weapon exudes an aura of protection.
You kill the ufetubus!
You closely miss the yak. The yak closely misses you.
You barely miss the yak. Your punch misses the yak.
The yak completely misses you.
You can't go up here!
Your +3 short sword of protection goes still.
Your +1 dagger of venom begins to drip with poison!
f - a +1 dagger of venom (weapon)
You hit the yak but do no damage.
The yak is poisoned.
The yak gores you!
You hit the yak but do no damage.
The yak looks even sicker.
The yak gores you but does no damage.
Casting: Call Imp (safe; 1% risk of failure)
Confirm with . or Enter, or press ? or * to list all spells.
A tiny devil pulls itself out of the air.
The yak gores you.
* * * LOW HITPOINT WARNING * * *
Your cerulean imp hits the yak but does no damage.
Sorry, you're not good enough to have a special ability.
You are too injured to fight recklessly!
The yak attacks as you move away! The yak gores you!
* * * LOW HITPOINT WARNING * * *
Casting: Call Imp (safe; 1% risk of failure)
Confirm with . or Enter, or press ? or * to list all spells.
Your cerulean imp hits the yak but does no damage.
The yak gores you.
You die...

. #.##.#.#
#.#.......# # ##
#.##.# #.#.......# #
. #.##.#
#.........###..#
##### #)#
####.......>....#
S...# #.#
.........#.###..#
###.# #.# ##
#.............)#
##.##
##.##.###..####.#...
#[..# ##...#.###..#
.# # #...#.#
###...@Y.5....# #
#...#.#
..........###..#
#...#.# ##.......r#
#..# ##.o÷#.#
#.##..........#
.##..#.#
#.###.##.###.##
o.#.o#.# ##.#### #.#
#.# #.#..#.###.#.##
#.# #.#
.).)......###.# #.#
#.#
##.###[###.#.#####


You could see a yak (very poisoned, ally target), a friendly cerulean imp
(summoned) and a friendly quokka (summoned).

Vanquished Creatures
  A hound (D:4)
  Ijyb (D:3)
  A gnoll (D:1)
  An ufetubus (D:4)
  A worm (D:3)
  3 orcs
  3 endoplasms
  3 giant cockroaches
  6 goblins
  4 hobgoblins
  2 jackals (D:2)
  2 quokkas (D:2)
  4 ball pythons
  3 bats (D:2)
  2 frilled lizards (D:2)
  5 kobolds
  5 rats
47 creatures vanquished.

Vanquished Creatures (collateral kills)
  A howler monkey (D:5)
  Terence (D:3)
  Robin (D:3)
  2 adders (D:5)
  2 orcs (D:4)
  5 bats
  4 endoplasms
  7 hobgoblins
  2 ball pythons
  A frilled lizard (D:1)
  6 goblins (D:3)
  3 kobolds
35 creatures vanquished.

Vanquished Creatures (others)
  A butterfly (D:3)
1 creature vanquished.

Grand Total: 83 creatures vanquished

Notes
Turn   | Place    | Note
-------+----------+-------------------------------------------
     0 | D:1      | raph the Merfolk Summoner began the quest for the Orb.
     0 | D:1      | Reached XP level 1. HP: 13/13 MP: 3/3
   201 | D:1      | Reached XP level 2. HP: 19/19 MP: 0/5
   572 | D:1      | Reached XP level 3. HP: 24/24 MP: 3/6
   579 | D:1      | Learned a level 2 spell: Call Imp
   583 | D:1      | Learned a level 3 spell: Call Canine Familiar
  1269 | D:2      | Reached skill level 5 in Summonings
  1715 | D:3      | Noticed Robin
  1736 | D:3      | Killed Robin
  1737 | D:3      | Reached XP level 4. HP: 28/30 MP: 2/7
  1764 | D:3      | Found a white marble altar of Elyvilon.
  2032 | D:3      | Noticed Terence
  2050 | D:3      | Killed Terence
  2276 | D:3      | Reached XP level 5. HP: 33/35 MP: 0/8
  2421 | D:3      | Reached skill level 6 in Summonings
  2569 | D:3      | Noticed Ijyb
  2591 | D:3      | Killed Ijyb
  3152 | D:4      | Noticed an orc warrior
  3547 | D:5      | Entered Level 5 of the Dungeon
  3555 | D:5      | Noticed a yak
  3557 | D:5      | Reached XP level 6. HP: 41/41 MP: 2/10
  3557 | D:5      | Noticed a yak
  3558 | D:5      | Noticed a yak
  3560 | D:5      | Noticed a yak
  3587 | D:4      | HP: 2/41 [yak (9)]
  3588 | D:4      | Slain by a yak

Illustrated notes

Levels and vault maps discovered:
D:1:      sevenhm_arrival_forest_fort_large_4, layout_rooms
D:2:      layout_loops_ring
D:3:      cheibrodos_greedy_goblins, layout_loops_ring,
          nicolae_elyvilon_peaceful_grove, kennysheep_donut, uniq_robin,
          uniq_terence, uniq_ijyb
D:4:      layout_loops_ring, guppyfry_early_orc_mine
D:5:      layout_basic, minmay_temple_entry_junction, uniq_sigmund

Skill      XL: |  1  2  3  4  5 |
---------------+----------------+-----
Summonings     | 5 6 |  6.8
Dodging        | |  2.6
Stealth        | |  2.1
Spellcasting   | |  2.9

Action                     |  1- 3 |  4- 6 || total
---------------------------+-------+-------++-------
  Melee: Dagger            |    35 |     2 ||    37
         Unarmed           |     1 |       ||     1
         Punch             |     1 |       ||     1
         Short sword       |    51 |    88 ||   139
  Throw: Boomerang         |     4 |       ||     4
   Cast: Summon Small Mamm |    28 |    12 ||    40
         Call Imp          |    10 |    12 ||    22
         Call Canine Famil |     2 |     6 ||     8
    Use: Scroll            |       |    13 ||    13
         Potion            |       |     1 ||     1
   Stab: Sleeping          |     6 |     3 ||     9
         Distracted        |       |     3 ||     3
 Armour: Robe              |    23 |    47 ||    70
  Dodge: Dodged            |    58 |    86 ||   144
